cohdb
Replays
Latest Replays
All Replays
Popular Replays
Top Player Replays
Match Explorer
How It Works
Community
CoH3 Stats
Reddit
Sign in to upload your games and track your stats! →
Sign in with Steam
Match 44179615
Unlisted
Match 44179615
Overview
Messages
Build Orders
End
Construct Barracks
Selects Special Operations Battlegroup
Riflemen Squad
Riflemen Squad
M1 Mortar Team
Grenade Package
Riflemen Squad
Construct Medical Station
Riflemen Squad
Selects Smoke Screen
Infantry Support Center
M1918 Browning Automatic Rifles
Riflemen Squad
Construct Motor Pool
Selects SSF Commando Squad
SSF Commando Squad
Munitions Surplus
Riflemen Squad
Survival Training
M1 Anti-tank Gun Team
Riflemen Squad
Selects M29 Weasel with M1 Pack Howitzer
Selects P-47 Anti-Infantry Loiter
M1 Anti-tank Gun Team
Selects M4A1 Sherman Whizbang
M4A1 Sherman Whizbang
P-47 Anti-Infantry Loiter
M4A1 Sherman Whizbang
Smoke Screen
M1 Anti-tank Gun Team
M1 Anti-tank Gun Team
Selects Air Re-supply Operation
Selects Air Re-supply Operation
Advanced Logistics
P-47 Anti-Infantry Loiter
Engineer Squad
M4A1 Sherman Whizbang
x Victarion x
Raider9313
Nukepapa
NivekQc
0
0
Comments
sign in to comment!
No comments posted yet!